 Dungeon Crawl Stone Soup version 0.17-a0-1596-g1e86911 (webtiles) character file.

231 urechis the Cudgeler (level 5, -10/48 HPs)
             Began as a Minotaur Fighter on July 31, 2015.
             Mangled by Sigmund
             ... wielding a +0 scythe
              (12 damage)
             ... on level 3 of the Dungeon.
             The game lasted 00:04:04 (1855 turns).

urechis the Cudgeler (Minotaur Fighter)             Turns: 1855, Time: 00:04:04

Health: -10/48     AC:  7    Str: 21    XL:     5   Next: 73%
Magic:  4/4        EV:  9    Int:  5    God:
Gold:   87         SH:  0    Dex: 10    Spells: 0 memorised, 4 levels left

rFire  . . .     SeeInvis .     a - +0 flail
rCold  . . .     Clarity  .     b - +0 scale mail
rNeg   . . .     SustAt   .     (no shield)
rPois  +         Gourm    .     (helmet restricted)
rElec  .         Spirit   .     (no cloak)
rCorr  .         Warding  .     (no gloves)
rMut   .         Rnd*Tele +     (no boots)
MR     .....                    (no amulet)
Stlth  ..........               o - ring of poison resistance
                                q - ring of teleportation (curse)

@: not resistant to hostile enchantments, extremely unstealthy
A: retaliatory headbutt, horns 2
a: Evoke Teleportation


You were on level 3 of the Dungeon.
You were not hungry.

You visited 1 branch of the dungeon, and saw 3 of its levels.

You collected 87 gold pieces.

Inventory:

Hand weapons
 a - a +0 flail (weapon)
Armour
 b - a +0 scale mail (worn)
 c - a +0 shield
Jewellery
 o - a ring of poison resistance (right hand)
 q - a cursed ring of teleportation (left hand)
 s - a +3 ring of slaying {unknown}
Scrolls
 g - a scroll of enchant armour {unknown}
 h - a scroll of amnesia {unknown}
 i - a scroll of remove curse {unknown}
 k - a scroll of fog {unknown}
 l - 2 scrolls of identify {unknown}
 m - 2 scrolls of teleportation
Potions
 d - a potion of might
 j - 2 potions of curing {unknown}
 n - a potion of heal wounds {unknown}
 t - a potion of resistance
Comestibles
 e - 2 bread rations
 f - 2 beef jerkies
 p - a meat ration


   Skills:
 + Level 5.2 Fighting
 * Level 5.7 Maces & Flails
 - Level 4.0 Armour
 - Level 4.0 Shields


You had 4 spell levels left.
You didn't know any spells.

Dungeon Overview and Level Annotations

Branches:
Dungeon (3/15)

Altars:
Dithmenos

Annotations:
D:3 Sigmund


Innate Abilities, Weirdness & Mutations

You reflexively headbutt those who attack you in melee.
You have a pair of horns on your head.


Message History

Something hits you!
* * * LOW HITPOINT WARNING * * *
The jackal bites you but does no damage.
You are too injured to fight recklessly!
You sock the jackal!
You kill the jackal!
Something hits you but does no damage. The orc hits you but does no damage.
You sock the orc!
You kill the orc!
You closely miss the orc. Something hits you.
* * * LOW HITPOINT WARNING * * *
The orc hits you with a short sword.
* * * LOW HITPOINT WARNING * * *
You closely miss the orc. Your headbutt misses the orc.
The orc barely misses you. Something hits you!
* * * LOW HITPOINT WARNING * * *
The orc hits you but does no damage.
You hit the orc but do no damage. Your headbutt misses the orc.
Something hits you!
You die...

#.......##.#
#..>.......+
#.......##
#........#
#...(....#
#........#
#........#
#$.......#
####@####.#
#o# ## #{h.#
#.#.# #.#.#
... . ... ..
... .. #..##
...


You could see an orc and a jackal.

Vanquished Creatures
  An ogre (D:2)
  4 river rats (D:2)
  3 adders (D:2)
  A gnoll (D:2)
  A worm (D:2)
  A giant gecko (D:1)
  3 orcs (D:3)
  5 ball pythons
  6 goblins
  11 hobgoblins
  5 jackals
  2 quokkas
  8 bats
  3 giant newts
  6 kobolds
  10 rats
  A plant (D:2)
71 creatures vanquished.

Vanquished Creatures (others)
  A plant (D:2)
1 creature vanquished.

Grand Total: 72 creatures vanquished

Notes
Turn   | Place    | Note
--------------------------------------------------------------
     0 | D:1      | urechis the Minotaur Fighter began the quest for the Orb.
     0 | D:1      | Reached XP level 1. HP: 19/19 MP: 0/0
   150 | D:1      | Reached XP level 2. HP: 14/27 MP: 1/1
   154 | D:1      | Reached skill level 4 in Shields
   717 | D:2      | Reached XP level 3. HP: 9/33 MP: 2/2
   939 | D:2      | Found a shadowy altar of Dithmenos.
   939 | D:2      | Noticed an ogre
   946 | D:2      | Killed an ogre
   946 | D:2      | Reached XP level 4. HP: 38/41 MP: 3/3
   948 | D:2      | Reached XP level 5. HP: 43/47 MP: 4/4
   986 | D:2      | Reached skill level 5 in Maces & Flails
  1099 | D:2      | Reached skill level 5 in Fighting
  1808 | D:3      | Noticed a phantom
  1840 | D:3      | Noticed Sigmund
  1854 | D:3      | HP: 2/48 [something (9)]
  1855 | D:3      | Mangled by Sigmund

Vault maps used:
D:1:      grunt_arrival_crossed_arrows, serial_glass, glass_columns_a,
          glass_columns_a, glass_columns_c, glass_columns_b, glass_columns_b,
          glass_columns_a, glass_columns_a, glass_columns_b
D:2:      wad_woods_stonehenge, first_bread, st_stairs_3
D:3:      grunt_temple_overflow_octagram, uniq_sigmund

Action                   |  1- 3 |  4- 6 || total
-------------------------+-------+-------++-------
Melee: Flail             |    90 |    89 ||   179
  Use: Scroll            |       |     1 ||     1
  Eat: Chunk             |       |     3 ||     3
